 Dungeon Crawl Stone Soup version 0.30.1 (webtiles) character file.

Game seed: 15195289967873144276

4636 Wiggles the Cleaver (level 10, -3/86 HPs)
             Began as a Minotaur Berserker on July 11, 2023.
             Was an Elder of Trog.
             Slain by a yak (4 damage)
             ... on level 7 of the Dungeon.
             The game lasted 00:12:28 (6163 turns).

Wiggles the Cleaver (Minotaur Berserker)            Turns: 6163, Time: 00:12:28

Health: -3/86      AC: 12    Str: 26    XL:     10   Next: 20%
Magic:  9/9        EV: 11    Int:  7    God:    Trog [****..]
Gold:   569        SH: 14    Dex: 10    Spells: 9/9 levels left

rFire   . . .        a - +0 hand axe (venom)
rCold   . . .        e - +0 kite shield
rNeg    . . .        s - +0 scale mail of Nicexiaf {Contam rElec rPois Int+3}
rPois   +            (helmet restricted)
rElec   +            m - scarf {+Inv}
rCorr   .            z - +2 pair of gloves
SInv    .            (no boots)
Will    .....        g - amulet of reflection Stlth
                     (no ring)
HPRegen 0.34/turn    (no ring)
MPRegen 0.11/turn

%: reflection
@: no status effects
A: horns 2, retaliatory headbutt
a: Renounce Religion, Evoke Invisibility, Berserk, Trog's Hand, Brothers in Arms


You were on level 7 of the Dungeon.
You worshipped Trog.
Trog was greatly pleased with you.
You visited 1 branch of the dungeon, and saw 7 of its levels.

You collected 569 gold pieces.

Inventory:

Hand Weapons
 a - a +0 hand axe of venom (weapon)
Missiles
 n - 3 boomerangs (quivered)
Armour
 e - a +0 kite shield (worn)
 m - a scarf of invisibility (worn)
 s - the +0 scale mail of Nicexiaf (worn) {Contam rElec rPois Int+3}
   (You found it on level 5 of the Dungeon)

   Int:       It affects your intelligence (+3).
   rElec:     It insulates you from electricity.
   rPois:     It protects you from poison.
   Contam:    It causes magical contamination when unequipped.
 z - a +2 pair of gloves (worn)
Jewellery
 g - an amulet of reflection (around neck)
 v - a ring of protection from fire
Wands
 h - a wand of digging (4)
 t - a wand of mindburst (9)
Scrolls
 c - 3 scrolls of teleportation
 d - 5 scrolls of amnesia
 u - 2 scrolls of fog
 w - a scroll of noise {unknown}
 y - a scroll of identify
 A - a scroll of enchant armour
 B - a scroll of enchant weapon {unknown}
Potions
 b - 4 potions of brilliance
 f - a potion of ambrosia
 i - a potion of degeneration
 j - 4 potions of might
 k - a potion of magic
 l - a potion of attraction
 o - 2 potions of haste
 p - a potion of curing
 q - 2 potions of mutation
 r - a potion of flight
 x - a potion of heal wounds


   Skills:
 + Level 7.5 Fighting
 + Level 11.0 Axes
 + Level 0.6 Throwing
 + Level 9.6 Armour
 + Level 5.3 Dodging
 + Level 1.2 Stealth
 + Level 6.2 Shields
 + Level 1.3 Evocations


You had 9 spell levels left.
You didn't know any spells.
Your spell library was empty.

Dungeon Overview and Level Annotations

Branches:
Dungeon (7/15)             Temple (0/1) D:4

Altars:
Dithmenos
The Shining One


Innate Abilities, Weirdness & Mutations

You have a pair of horns on your head.
You reflexively headbutt those who attack you in melee.


Message History

The yak gores you!
You hit the yak.
The yak looks as sick as possible!
The yak is almost dead.
You hit the yak but do no damage. You hit the yak.
The yak looks as sick as possible!
The yak gores you. x2
The orc completely misses you. You block the yak's attack.
You barely miss the yak.
The yak is almost dead.
You completely miss the yak. You hit the yak but do no damage.
You hit the yak but do no damage.
The yak looks as sick as possible!
You headbutt the yak!
The yak is severely wounded.
You hit the yak.
You kill the yak!
Trog accepts your kill.
You hit the yak but do no damage.
The yak looks as sick as possible!
The orc hits you but does no damage. You block the yak's attack.
The yak barely misses you.
Your Axes skill increases to level 11!
You hit the bullfrog.
The bullfrog is lightly wounded.
You hit the yak.
The yak looks as sick as possible!
You hit the yak.
The yak looks as sick as possible!
The bullfrog hits you but does no damage.
You block the orc's attack. The yak gores you but does no damage.
You block the yak's attack. The bullfrog misses you.
You slash the bullfrog!
The bullfrog is poisoned.
The bullfrog is heavily wounded.
You completely miss the yak. You closely miss the yak.
You block the yak's attack. The yak barely misses you. You furiously retaliate!
You headbutt the yak.
The orc hits you from afar with a +2 trident of protection.
The bullfrog closely misses you. You furiously retaliate!
You headbutt the bullfrog!
You kill the bullfrog!
Trog accepts your kill.
The shadow strikes at you from the darkness!
* * * LOW HITPOINT WARNING * * *
The orc hits you but does no damage. The yak gores you.
You die...

.... .).. ...#
######## ...#
#......# .#.#
#.. ...# .#.##
#.. #).# ....#
#..##..# ...#
#.W@...# ...#..
#.oYY..# ...#.#
#'#'#### .....#
...#.# ######
.....# #..
#.###....##
#....# #...
#.##......##
#.##.# #..
#.'..#..#.)####
...#.# .#.
#.#...##..))..#
.....#
#.#...##.).)..#


You could see 2 yaks, a shadow and an orc.

Vanquished Creatures
  A two-headed ogre (D:6)
  Maggie (D:6)
  A troll (D:6)
  Grinder (D:3)
  A vampire (D:6)
  5 yaks
  A steam dragon (D:7)
  An ice beast (D:4)
  2 orc warriors
  A black bear (D:5)
  2 sky beasts
  A phantom (D:6)
  3 kobold brigands
  A bullfrog (D:7)
  2 scorpions
  6 electric eels (D:6)
  2 howler monkeys
  9 hounds
  3 orc priests
  4 jellies
  2 sleepcaps
  An iguana (D:6)
  8 orc wizards
  Robin (D:4)
  2 gnolls
  8 adders
  A white imp (D:5)
  2 ufetubi
  2 dart slugs
  24 orcs
  3 endoplasms
  A giant cockroach (D:4)
  11 goblins
  8 hobgoblins
  3 quokkas
  4 ball pythons
  10 bats
  3 frilled lizards (D:2)
  10 kobolds
  2 rats
154 creatures vanquished.

Vanquished Creatures (others)
  A centaur (D:7)
1 creature vanquished.

Grand Total: 155 creatures vanquished

Notes
Turn   | Place    | Note
-------+----------+-------------------------------------------
     0 | D:1      | Wiggles the Minotaur Berserker began the quest for the Orb.
     0 | D:1      | Reached XP level 1. HP: 19/19 MP: 0/0
   318 | D:1      | Reached XP level 2. HP: 26/27 MP: 1/1
   618 | D:1      | Reached skill level 4 in Axes
  1298 | D:2      | Reached XP level 3. HP: 32/33 MP: 2/2
  1350 | D:2      | Found a faded altar of an unknown god.
  1786 | D:3      | Reached ** piety under Trog
  1835 | D:3      | Reached XP level 4. HP: 18/41 MP: 3/3
  2003 | D:3      | Noticed Grinder
  2013 | D:3      | Killed Grinder
  2014 | D:3      | Reached skill level 5 in Axes
  2014 | D:3      | Reached skill level 5 in Armour
  2014 | D:3      | Reached XP level 5. HP: 47/47 MP: 4/4
  2014 | D:3      | Reached XP level 6. HP: 53/53 MP: 5/5
  2730 | D:4      | Reached skill level 5 in Fighting
  2730 | D:4      | Reached skill level 6 in Axes
  2836 | D:4      | Identified the +6 flail of Classification {freeze, *Rage
                  | rC++ rN+ MP+9}
  2841 | D:4      | Found a staircase to the Ecumenical Temple.
  3017 | D:4      | Noticed Robin
  3028 | D:4      | Reached XP level 7. HP: 61/61 MP: 6/6
  3028 | D:4      | Killed Robin
  3364 | D:5      | Entered Level 5 of the Dungeon
  3622 | D:5      | Reached skill level 7 in Axes
  3651 | D:5      | Reached *** piety under Trog
  3945 | D:5      | Identified the +0 scale mail of Nicexiaf {Contam rElec
                  | rPois Int+3}
  4516 | D:6      | Noticed Maggie
  4528 | D:6      | Reached XP level 8. HP: 70/70 MP: 7/7
  4537 | D:6      | Killed Maggie
  4538 | D:6      | Reached skill level 8 in Axes
  4538 | D:6      | Reached skill level 1 in Stealth
  4538 | D:6      | Reached skill level 1 in Shields
  4583 | D:6      | Reached skill level 9 in Axes
  4651 | D:6      | Found a shadowy altar of Dithmenos.
  4663 | D:6      | Found a glowing golden altar of the Shining One.
  4912 | D:6      | Noticed a two-headed ogre
  4920 | D:6      | Killed a two-headed ogre
  4921 | D:6      | Reached XP level 9. HP: 23/78 MP: 8/8
  5105 | D:6      | Noticed a troll
  5109 | D:6      | Killed a troll
  5110 | D:6      | Reached skill level 10 in Axes
  5376 | D:6      | Reached **** piety under Trog
  5568 | D:7      | Reached skill level 5 in Shields
  5897 | D:7      | Reached skill level 5 in Dodging
  5897 | D:7      | Reached skill level 1 in Evocations
  6136 | D:7      | Reached XP level 10. HP: 85/86 MP: 9/9
  6161 | D:7      | Reached skill level 11 in Axes
  6163 | D:7      | HP: 1/86 [something (26)]
  6163 | D:7      | Slain by a yak

Illustrated notes

Levels and vault maps discovered:
D:1:      arrival_zaba_pyramid, layout_basic, dreamdust_wishing_well
D:2:      layout_basic, basic_ecumenical_altar
D:3:      layout_loops_ring, uniq_grinder
D:4:      layout_basic, temple_pool_b, uniq_robin
D:5:      layout_basic, serial_curves, eino_curves_01, eino_curves_04
D:6:      cheibrodos_two_vegetables, layout_rooms, grunt_temple_overflow_open,
          kb_rosetta, uniq_maggie
D:7:      minmay_polygon_palace, layout_cave_pools, serial_column_ruins,
          column_ruins_hut, column_ruins_square_medium,
          column_ruins_columns_straight, column_ruins_open_large,
          column_ruins_grid_1, column_ruins_open_medium, column_ruins_grid_1

Skill      XL: |  1  2  3  4  5  6  7  8  9 10 |
---------------+-------------------------------+-----
Fighting       | 4 5 6 7 |  7.5
Axes           | 4 5 6 7 9 10 11 | 11.0
Armour         | 3 5 7 8 9 |  9.6
Dodging        | 3 4 5 |  5.3
Stealth        | 1 |  1.2
Shields        | 3 5 6 |  6.2
Evocations     | 1 |  1.3
Throwing       | |  0.6

Action                     |  1- 3 |  4- 6 |  7- 9 | 10-12 || total
---------------------------+-------+-------+-------+-------++-------
  Melee: Hand axe          |    66 |    81 |   218 |    26 ||   391
         Headbutt          |     7 |    14 |    57 |     9 ||    87
  Throw: Boomerang         |     4 |       |       |       ||     4
 Invoke: Berserk           |       |     2 |     2 |       ||     4
  Evoke: Wand              |       |       |    11 |       ||    11
    Use: Scroll            |       |       |    19 |       ||    19
 Armour: Leather armour    |     2 |       |       |       ||     2
         Animal skin       |     1 |       |       |       ||     1
         Ring mail         |     9 |       |       |       ||     9
         Scale mail        |    14 |    39 |    76 |    12 ||   141
  Dodge: Dodged            |    39 |    45 |    71 |    18 ||   173
  Block: Kite shield       |       |       |   109 |    22 ||   131
         Reflection        |       |       |     5 |       ||     5
         Buckler           |       |       |     2 |       ||     2
